 Dungeon Crawl Stone Soup version 0.30-a0-29-g142975f185 (webtiles) character file.

Game seed: 760235312065529534

445207 Flugkiller the Impregnable (level 22, -12/216 (220) HPs)
             Began as a Minotaur Fighter on Aug 25, 2022.
             Was an Initiate of Gozag.
             Mangled by Voed the pandemonium lord (17 damage)
             ... on level 5 of the Realm of Zot.
             The game lasted 00:32:54 (44820 turns).

Flugkiller the Impregnable (Minotaur Fighter)      Turns: 44820, Time: 00:32:54

HP:   -12/216 (220) AC: 42    Str: 24      XL:     22   Next: 78%
MP:   27/27         EV: 19    Int:  7 (8)  God:    Gozag
Gold: 374           SH: 17    Dex: 19      Spells: 21/21 levels left

rFire   + . .      SeeInvis +    B - +9 war axe (freeze)
rCold   + . .      Faith    .    u - +0 kite shield {rC+ rF+}
rNeg    + . .      Spirit   .    y - +10 plate armour of the Snake Pit {rC+ Int-2 SInv}
rPois   +          Reflect  .    Y - +1 hat "Tase" {Drain rN+ Dex+3}
rElec   +          Harm     .    X - +0 cloak of Gaatwitu {Int+5}
rCorr   .          Rampage  .    c - +2 pair of gloves
Will    +....      Rnd*Tele +    G - +2 pair of boots
Stlth   ..........               R - amulet of the Lich-sworn {rElec rC- Regen+ MP+9 Slay+2}
HPRegen 1.26/turn                o - ring of poison resistance
MPRegen 0.20/turn                j - +4 ring of slaying

@: mighty, weakened, hasted, studying Axes, lightly drained, very quick
A: horns 2, retaliatory headbutt, deterioration 2, low MP 1, sense surroundings
1, screaming 1, shaggy fur 1, teleportitis 1, weak 1, sturdy frame 1, devolution
1
0: Orb of Zot
}: 3/15 runes: serpentine, barnacled, silver
a: Renounce Religion, Potion Petition, Call Merchant, Bribe Branch


You were on level 5 of the Realm of Zot.
You worshipped Gozag.
Gozag was aware of your devotion.
You visited 9 branches of the dungeon, and saw 45 of its levels.

You collected 20252 gold pieces.
You spent 4508 gold pieces at shops.
You paid 15370 gold pieces to Gozag.

Inventory:

Hand Weapons
 B - a +9 war axe of freezing (weapon)
   (You took it off an orc on level 4 of the Dungeon)
 Z - a +2 broad axe
   (You took it off a tengu warrior on level 14 of the Dungeon)
Armour
 c - a +2 pair of gloves (worn)
   (You bought it in a shop on level 2 of the Orcish Mines)
 u - a +0 kite shield of resistance (worn)
   (You took it off a naga warrior on level 1 of the Snake Pit)
 y - the +10 plate armour of the Snake Pit (worn) {rC+ Int-2 SInv}
   (You bought it in a shop on level 2 of the Orcish Mines)

   Int:       It affects your intelligence (-2).
   rC:        It protects you from cold.
   SInv:      It lets you see invisible.
 G - a +2 pair of boots (worn)
   (You found it on level 7 of the Dungeon)
 M - the +0 kite shield of Teshrur {rF++ Slay+2}
   (You bought it in a shop on level 2 of the Shoals)

   Slay:      It affects your accuracy & damage with ranged weapons and melee
   (+2).
   rF:        It greatly protects you from fire.
 W - a +0 kite shield of protection
   (You took it off a naga warrior on level 3 of the Snake Pit)
 X - the +0 cloak of Gaatwitu (worn) {Int+5}
   (You found it on level 5 of the Vaults)

   Int:       It affects your intelligence (+5).
 Y - the +1 hat "Tase" (worn) {Drain rN+ Dex+3}
   (You acquired it on level 3 of the Dungeon)

   Dex:       It affects your dexterity (+3).
   rN:        It protects you from negative energy.
   Drain:     It drains your maximum health when unequipped.
Jewellery
 i - the ring of Ymnirost {rN+ Int+6 Dex+2 SInv}
   (You took it off a deep elf death mage on level 5 of the Vaults)

   [ring of see invisible]

   Int:       It affects your intelligence (+6).
   Dex:       It affects your dexterity (+2).
   rN:        It protects you from negative energy.
   SInv:      It lets you see invisible.
 j - a +4 ring of slaying (right hand)
   (You bought it in a shop on level 3 of the Dungeon)
 k - a ring of flight
   (You found it on level 5 of the Vaults)
 m - a ring of willpower
   (You found it on level 5 of the Lair of Beasts)
 o - a ring of poison resistance (left hand)
   (You found it on level 4 of the Snake Pit)
 p - a +4 ring of protection
   (You found it on level 1 of the Dungeon)
 P - a ring of willpower
   (You found it on level 3 of the Vaults)
 R - the amulet of the Lich-sworn (around neck) {rElec rC- Regen+ MP+9 Slay+2}
   (You acquired it on level 3 of the Dungeon)

   [amulet of regeneration]

   Slay:      It affects your accuracy & damage with ranged weapons and melee
   (+2).
   rC:        It makes you vulnerable to cold.
   rElec:     It insulates you from electricity.
   MP:        It affects your magic capacity (+9).
   Regen:     It increases your rate of health regeneration.
 U - the ring of Nouzyagh {+Blink rF+ rC+ Str+2}
   (You found it on level 5 of the Vaults)

   [ring of protection from cold]

   Str:       It affects your strength (+2).
   rF:        It protects you from fire.
   rC:        It protects you from cold.
   +Blink:    It lets you blink.
Wands
 b - a wand of paralysis (34)
   (You found it on level 3 of the Lair of Beasts)
 g - a wand of digging (14)
   (You found it on level 2 of the Lair of Beasts)
 O - a wand of mindburst (17)
   (You found it on level 10 of the Dungeon)
 T - a wand of roots (17)
   (You found it on level 12 of the Dungeon)
 V - a wand of light (11)
   (You took it off Natasha on level 4 of the Dungeon)
Scrolls
 l - 4 scrolls of magic mapping
 s - 10 scrolls of fog
 x - 6 scrolls of summoning
 E - 4 scrolls of enchant armour
 F - 3 scrolls of silence
 I - 3 scrolls of enchant weapon
 J - 6 scrolls of vulnerability
 K - 9 scrolls of fear
 S - 7 scrolls of immolation
Potions
 a - 10 potions of lignification
 d - 2 potions of might
 e - 8 potions of mutation
 f - 2 potions of ambrosia
 h - 2 potions of haste
 q - 2 potions of curing
 r - a potion of attraction
 v - 6 potions of cancellation
 A - 6 potions of magic
 D - a potion of invisibility
 L - 10 potions of flight
 N - 5 potions of berserk rage
Miscellaneous
 C - a tin of tremorstones (2/2)
   (You found it on level 13 of the Dungeon)
 H - a piece from Xom's chessboard (15/15)
   (You found it on level 5 of the Vaults)
 Q - a phantom mirror
   (You found it on level 5 of the Vaults)


   Skills:
 + Level 23.3 Fighting
 + Level 21.9 Axes
 + Level 23.4 Armour
 + Level 19.0 Dodging
 + Level 21.1 Shields
 - Level 12.0 Evocations


You had 21 spell levels left.
You didn't know any spells.
Your spell library was empty.

Dungeon Overview and Level Annotations

Branches:
Dungeon (15/15)            Temple (1/1) D:6            Lair (5/5) D:11
 Shoals (4/4) Lair:3        Snake (4/4) Lair:3        Slime (0/5) Lair:5
    Orc (2/2) D:12            Elf (0/3) Orc:2        Vaults (5/5) D:14
 Depths (4/4) D:15            Zot (5/5) Depths:4
  Crypt: Vaults:2-3

Altars:
Ashenzari
Cheibriados
Dithmenos
Elyvilon
Fedhas
Gozag
Hepliaklqana
Kikubaaqudgha
Makhleb
Nemelex Xobeh
Okawaru
Qazlal
Ru
Sif Muna
Trog
Uskayaw
Vehumet
Wu Jian
Xom
Yredelemnul
Zin
The Shining One
Jiyva

Shops:
D:2 *   D:3 =   D:9 ([[   Orc:1 !   Orc:2 ([(*?[:   Lair:1 (=   Shoals:2 *(
Snake:3 ?=!((

Portals:
Hell: Depths:1
Abyss: Depths:3 Depths:4
Pandemonium: Orc:2
Ziggurat: Depths:4

Annotations:
D:5 1 exclusion
Lair:4 1 runed translucent door, Flugkiller's ghost, journeyman MiFi
Lair:5 exclusion: 2 oklob plants
Snake:1 3 runed translucent doors, Charly's ghost, adept SpEn
Vaults:2 exclusion: obsidian statue
Zot:5 exclusion: obsidian statue


Innate Abilities, Weirdness & Mutations

You have a pair of horns on your head.
You reflexively headbutt those who attack you in melee.
Your body often deteriorates upon taking damage.
Your magical capacity is low. (-10% MP)
You passively map a small area around you.
You occasionally shout uncontrollably at your foes.
You are covered in fur. (AC +1)
You are occasionally teleported next to monsters.
You are weak. (Str -2)
Your movements are slightly less encumbered by armour. (ER -2)
You have hidden genetic defects.


Message History

Voed is distracted by your dazzling golden aura.
Voed skitters faintly, "Embrace thy failure, thou tasty luncheon!"
Voed fires a harpoon shot at you. The harpoon shot hits you!!
* * * LOW HITPOINT WARNING * * *
You are yanked forward by the harpoon shot.
The blizzard demon is distracted by your dazzling golden aura.
The rust devil is no longer distracted by gold.
Voed is distracted by your dazzling golden aura.
Okay, then.
Okay, then.
You need at least 400 gold to purchase potions right now!
You feel better.
Voed is no longer distracted by gold.
Voed barely misses you.
The Ice Fiend is distracted by your dazzling golden aura.
Press: ? - help, v - describe, . - travel
Here: Voed The floor.
Voed attacks as you move away! Voed misses you. You furiously retaliate!
You headbutt Voed!
The blizzard demon is no longer distracted by gold.
Voed is distracted by your dazzling golden aura.
The small abomination is distracted by your dazzling golden aura.
The red draconian scorcher is distracted by your dazzling golden aura. x2
Voed is no longer distracted by gold.
The red draconian scorcher is no longer distracted by gold.
Voed fires a harpoon shot at you.
The harpoon shot hits you but does no damage.
The blizzard demon gestures at you. Voed fires a harpoon shot at you.
The harpoon shot hits you.
* * * LOW HITPOINT WARNING * * *
You are yanked forward by the harpoon shot.
Voed attacks as you move away! Voed hits you but does no damage.
You are engulfed in freezing vapours.
You resist.
* * * LOW HITPOINT WARNING * * *
Voed fires a harpoon shot at you. The harpoon shot misses you.
The blizzard demon is distracted by your dazzling golden aura.
You are engulfed in freezing vapours.
You resist.
* * * LOW HITPOINT WARNING * * *
Your extra speed is starting to run out.
The blizzard demon is no longer distracted by gold.
Voed fires a harpoon shot at you. You block the harpoon shot.
The blizzard demon waves its arms in wide circles.
The air twists around and strikes you.
You feel yourself slow down.
You feel yourself speed up. You block Voed's attack.
Voed hits you but does no damage.
You feel better. Voed hits you but does no damage.
You feel very mighty all of a sudden. Voed hits you but does no damage.
You miss Voed. You block Voed's attack.
You hit Voed. You headbutt Voed.
Voed is lightly wounded.
You block Voed's attack.
You slash Voed!
Voed is lightly wounded.
Voed hits you!!
* * * LOW HITPOINT WARNING * * *
You slice Voed!! Your headbutt misses Voed.
Voed is lightly wounded.
You block Voed's attack.
You slash Voed!
Voed is lightly wounded.
Voed hits you.
* * * LOW HITPOINT WARNING * * *
Voed hits you but does no damage.
You slice Voed!!
Voed is moderately wounded.
Voed hits you but does no damage.
You slice Voed!!
Voed is moderately wounded.
You slice Voed!! Your headbutt misses Voed.
Voed is moderately wounded.
You block Voed's attack.
You slice Voed!! Your headbutt misses Voed.
Voed is heavily wounded.
Voed hits you!
* * * LOW HITPOINT WARNING * * *
You feel your attacks grow feeble.
The blizzard demon waves its arms in wide circles.
The air twists around and strikes you.
You miss Voed.
Voed is heavily wounded.
Voed misses you.
You slash Voed!
Voed is heavily wounded.
Voed hits you but does no damage.
The Ice Fiend calls on the powers of darkness!
Your body is wracked with pain!
* * * LOW HITPOINT WARNING * * *
You slice Voed!!
Voed is heavily wounded.
Voed completely misses you. You furiously retaliate!
You headbutt Voed, but do no damage. You slice Voed!!
Voed is severely wounded.
Voed hits you!
You die...
Your body crumbles into a pile of gold.

..).....# #.2)#.## ##.....##
..<^....####.###.##
##..)))## ........#...°#
##.## ##.[...##
........#...°# ##.##
##)....## ##....^.....°#
##.# ##.....## #........°.°#
##.## ##.....##
#####.......# #...# ##.....#
##....1######...#######.....
##......2&@...........^....
##.....4....⌠.............
##................)......
###...####...####.....#.
##### #...# #...###. #####
#...###. ###...### #.....#
#.....#


You could see Voed, an Ice Fiend, a blizzard demon and a rust devil.

Vanquished Creatures
  2 ancient liches
  4 orbs of fire (Zot:5)
  2 dread liches
  Mennas (Vaults:2)
  2 juggernauts
  Margery (Vaults:4)
  Bai Suzhen (Vaults:1)
  Vashnia (Snake:4)
  6 golden dragons
  Zenata (Vaults:4)
  7 tentacled monstrosities
  A lich (Vaults:5)
  12 Orb Guardians (Zot:5)
  2 quicksilver dragons
  6 death cobs
  3 titans (Vaults:5)
  2 sphinxes
  Frances (D:12)
  An Executioner (Zot:5)
  7 shadow dragons
  7 storm dragons
  4 tengu reavers (Vaults:5)
  3 draconian monks
  3 draconian knights
  A deep elf sorcerer (Vaults:5)
  2 fire giants (Vaults:5)
  4 nagarajas (Snake:4)
  2 iron dragons
  14 vault wardens
  An orc warlord (Orc:1)
  Louise (D:14)
  4 frost giants
  2 draconian scorchers
  4 draconian shifters
  4 draconian stormcallers
  12 ironbound preservers
  17 very ugly things
  2 draconian annihilators
  2 war gargoyles
  9 stone giants
  4 ironbound thunderhulks
  4 green draconians
  A deep elf annihilator (Vaults:5)
  Nessos (Lair:3)
  2 entropy weavers (Vaults:1)
  7 purple draconians
  3 yellow draconians
  A red draconian (Zot:5)
  7 black draconians
  8 white draconians
  9 spark wasps
  2 deep elf death magi
  3 dire elephants (Vaults:1)
  2 crystal guardians
  4 ettins
  A merfolk javelineer (Depths:4)
  2 deep elf high priests (Vaults:5)
  2 fire dragons
  5 great orbs of eyes
  6 yaktaur captains
  5 boulder beetles
  A rakshasa (D:15)
  2 peacekeepers
  2 spriggan air magi (Depths:1)
  Fannar (D:10)
  A boulder beetle (shapeshifter) (Depths:4)
  39 vault guards
  13 anacondas
  2 demonspawn (Orc:2)
  5 ogre magi
  8 hydras
  3 salamander tyrants
  A death knight (D:13)
  A satyr (Shoals:2)
  An alligator snapping turtle (Shoals:2)
  6 ironbound frosthearts
  3 ice dragons
  15 centaur warriors
  A two-headed ogre (shapeshifter) (D:11)
  A merfolk aquamancer (Shoals:4)
  13 two-headed ogres
  22 naga warriors
  12 death yaks
  3 deep troll shamans (Depths:4)
  10 tengu warriors
  A vampire mage (Depths:4)
  4 deep troll earth magi
  19 naga sharpshooters
  6 orc high priests
  7 shock serpents
  9 hell knights
  2 spriggan berserkers (Depths:3)
  A shadow wraith (Vaults:5)
  4 iron trolls (Depths:4)
  4 salamander mystics
  Lodul (D:10)
  2 sea snakes
  A flayed ghost (Vaults:5)
  35 deep trolls
  A swamp dragon (Lair:3)
  A glowing orange brain (Vaults:1)
  4 necromancers
  Pikel (D:6)
  10 wizards
  6 lindwurms
  A harpy (shapeshifter) (Depths:4)
  5 phantasmal warriors
  A deep elf zephyrmancer (D:11)
  3 harpies (Vaults:1)
  A wolf spider (D:13)
  6 naga ritualists
  10 orc knights
  17 ironbound convokers
  8 orc sorcerers (Orc:2)
  13 mana vipers
  6 cyclopes
  26 ugly things
  A faun (Shoals:1)
  2 deep elf pyromancers
  5 manticores
  4 moths of wrath
  A moth of wrath (shapeshifter) (Vaults:5)
  10 elephants
  12 salamanders
  Maurice (D:12)
  36 black mambas
  3 merfolk sirens
  9 cane toads
  27 naga magi
  A guardian serpent (shapeshifter) (D:14)
  11 vault sentinels
  6 guardian serpents
  A torpor snail (Lair:3)
  An orange demon (Orc:2)
  A water nymph (Shoals:2)
  2 gargoyles
  2 demonic crawlers (D:14)
  A yaktaur (shapeshifter) (D:13)
  4 freezing wraiths
  5 rime drakes
  An ice devil (Orc:2)
  2 efreet (D:15)
  An unseen horror (D:11)
  A tengu conjurer (D:15)
  15 yaktaurs
  A kobold demonologist (D:13)
  6 komodo dragons
  7 trolls
  A merfolk (Shoals:2)
  A troll (shapeshifter) (D:13)
  A meliai (shapeshifter) (D:13)
  2 wind drakes
  5 hornets
  9 polar bears
  4 meliai
  21 slime creatures
  A polar bear (shapeshifter) (D:13)
  12 dream sheep
  Prince Ribbit (D:5)
  A snapping turtle (Shoals:1)
  22 blink frogs
  7 water elementals
  Sigmund (D:6)
  3 shadows
  16 spriggans
  An air elemental (Shoals:4)
  32 yaks
  2 yaks (shapeshifter)
  3 wyverns
  A wraith (D:12)
  9 humans
  A ynoxinul (Orc:2)
  6 basilisks
  Grum (D:10)
  A redback (shapeshifter) (Vaults:5)
  19 vampire mosquitoes
  2 redbacks (Vaults:1)
  A steam dragon (D:8)
  A neqoxec (Orc:2)
  A chaos spawn (Orc:2)
  A hog (shapeshifter) (D:8)
  Edmund (D:5)
  5 wargs
  57 nagas
  An acid dragon (D:10)
  21 water moccasins
  36 orc warriors
  4 ice beasts
  3 black bears (Lair:5)
  A swamp drake (Lair:3)
  15 ogres
  11 centaurs
  5 boggarts (Lair:5)
  30 wolves
  4 lemures (D:6)
  3 kobold brigands
  13 bullfrogs
  A scorpion (D:5)
  2 necrophages
  29 wights
  9 killer bees
  7 howler monkeys
  An electric eel (Lair:1)
  7 hounds
  A human zombie (D:5)
  A gnoll bouda (D:4)
  32 orc priests
  An iguana (D:6)
  A human skeleton (D:5)
  Jessica (D:3)
  Natasha (thrice) (D:4)
  21 orc wizards
  A boggart simulacrum (D:14)
  8 gnolls
  2 adders (D:2)
  4 white imps
  2 ufetubi
  3 worms (D:2)
  4 dart slugs
  85 orcs
  10 ball pythons
  6 bats
  9 endoplasms
  5 giant cockroaches
  11 goblins
  8 hobgoblins
  4 jackals
  27 kobolds
  5 quokkas
  3 frilled lizards
  3 rats
  A rat (shapeshifter) (Vaults:5)
1520 creatures vanquished.

Vanquished Creatures (collateral kills)
  An electric golem (Zot:5)
  A tentacled monstrosity (Zot:5)
  11 Orb Guardians (Zot:5)
  A quicksilver dragon (Zot:5)
  A storm dragon (Zot:5)
  A shadow dragon (Zot:5)
  A ghost moth (Zot:5)
  A draconian annihilator (Zot:5)
  2 purple draconians (Zot:5)
  A white draconian (Zot:5)
  An iron troll (Zot:5)
  5 moths of wrath (Zot:5)
27 creatures vanquished.

Vanquished Creatures (others)
  An orb of fire (Zot:5)
  5 Killer Klowns (Zot:5)
  An electric golem (Zot:5)
  2 Orb Guardians (Zot:5)
  A shadow dragon (Zot:5)
  A ghost moth (Zot:5)
  A green draconian (Zot:5)
  A purple draconian (Zot:1)
  A white draconian (Zot:5)
  A hell beast (Zot:5)
  A sun demon (Zot:5)
  A soul eater (Zot:5)
  An ugly thing (D:14)
  A human (D:14)
  A naga (Snake:4)
  A scorpion (D:6)
  A white imp (D:6)
  3 orcs
  17 fungi
  27 plants
69 creatures vanquished.

Grand Total: 1616 creatures vanquished

Notes
Turn   | Place    | Note
-------+----------+-------------------------------------------
     0 | D:1      | Flugkiller the Minotaur Fighter began the quest for the
                  | Orb.
     0 | D:1      | Reached XP level 1. HP: 19/19 MP: 0/0
   251 | D:1      | Reached XP level 2. HP: 27/27 MP: 1/1
   252 | D:1      | Found a faded altar of an unknown god.
   482 | D:1      | Reached XP level 3. HP: 29/33 MP: 2/2
  1063 | D:2      | Found Viufecoo's General Store.
  1250 | D:2      | Reached XP level 4. HP: 33/41 MP: 3/3
  1587 | D:2      | Found a glowing silver altar of Zin.
  2239 | D:3      | Reached XP level 5. HP: 47/47 MP: 4/4
  2315 | D:3      | Noticed Jessica
  2323 | D:3      | Killed Jessica
  2324 | D:3      | Reached skill level 5 in Axes
  2451 | D:3      | Found Fiepor's Jewellery Shop.
  2799 | D:4      | Noticed Natasha
  2803 | D:4      | Killed Natasha
  2804 | D:4      | Reached skill level 5 in Fighting
  2804 | D:4      | Reached skill level 5 in Armour
  2874 | D:4      | Noticed Natasha
  2884 | D:4      | Killed Natasha
  2885 | D:4      | Reached XP level 6. HP: 32/56 MP: 5/5
  3079 | D:4      | Noticed an ice beast
  3089 | D:4      | Killed an ice beast
  3219 | D:4      | Noticed Natasha
  3227 | D:4      | Killed Natasha
  3283 | D:4      | Reached XP level 7. HP: 30/62 MP: 6/6
  3524 | D:4      | Found a stormy altar of Qazlal.
  3641 | D:4      | Identified the +3 leather armour of the Ego {Regen+ Int+4}
  3801 | D:5      | Entered Level 5 of the Dungeon
  4068 | D:5      | Noticed Prince Ribbit
  4091 | D:5      | Killed Prince Ribbit
  4092 | D:5      | Reached XP level 8. HP: 46/71 MP: 7/7
  4828 | D:5      | Noticed Edmund
  4842 | D:5      | Killed Edmund
  5017 | D:6      | Noticed Sigmund
  5022 | D:6      | Killed Sigmund
  5669 | D:6      | Found a white marble altar of Elyvilon.
  5762 | D:6      | Found a staircase to the Ecumenical Temple.
  5771 | Temple   | Entered the Ecumenical Temple
  5959 | Temple   | Became a worshipper of Gozag Ym Sagoz the Greedy
  6188 | D:7      | Noticed Pikel
  6297 | D:6      | Reached skill level 10 in Axes
  6304 | D:6      | Killed Pikel
  6305 | D:6      | Reached XP level 9. HP: 18/81 MP: 8/8
  6665 | D:7      | Found a hide-covered altar of Uskayaw.
  6666 | D:7      | Noticed a +0 hand axe
  6666 | D:7      | Noticed a +0 hand axe
  6683 | D:7      | Found a burning altar of Makhleb.
  7507 | D:7      | Identified 3 scrolls of acquirement
  7507 | D:7      | Acquired 1167 gold pieces
  8559 | D:8      | Reached XP level 10. HP: 75/91 MP: 9/9
  8579 | D:8      | Found an iron altar of Okawaru.
  9409 | D:9      | Found Cimet's Armour Boutique.
  9459 | D:9      | Reached skill level 10 in Armour
  9553 | D:9      | Found Noteall's Antique Armour Emporium.
  9647 | D:9      | Reached skill level 10 in Fighting
 10600 | D:9      | Found Qaaxemn's Weapon Emporium.
 10630 | D:10     | Entered Level 10 of the Dungeon
 10640 | D:10     | Noticed Grum
 10653 | D:10     | Killed Grum
 10989 | D:10     | Reached skill level 1 in Evocations
 10993 | D:10     | Noticed Lodul
 11310 | D:10     | Noticed Fannar
 11320 | D:10     | Killed Fannar
 11321 | D:10     | Reached XP level 11. HP: 59/101 MP: 10/10
 11621 | D:10     | Identified the +0 leather armour of Utuifoci {+Blink rF+
                  | Str+8 Stlth-}
 11799 | D:10     | Killed Lodul
 12252 | D:11     | Found a staircase to the Lair.
 12266 | D:11     | Reached skill level 5 in Evocations
 12483 | D:11     | Found a glowing golden altar of the Shining One.
 13120 | D:11     | Identified the ring of Foufex {rCorr MP+9 Int+4}
 13120 | D:11     | Noticed a deep elf zephyrmancer
 13130 | D:11     | Killed a deep elf zephyrmancer
 13462 | D:11     | Noticed a two-headed ogre
 13469 | D:11     | Killed a two-headed ogre
 13810 | Lair:1   | Entered Level 1 of the Lair of Beasts
 14207 | Lair:1   | Noticed an eight-headed hydra
 14217 | Lair:1   | Killed an 11-headed hydra
 14415 | Lair:1   | Reached skill level 15 in Axes
 14719 | D:9      | Bought an ichor-stained chain mail for 380 gold pieces
 14719 | D:9      | Identified the +1 chain mail "Emycheaf" {+Blink Will- MP+9
                  | Stlth+} (You bought it in a shop on level 9 of the Dungeon)
 14841 | D:3      | Bought a +4 ring of slaying for 780 gold pieces
 14842 | D:3      | Acquired the amulet of the Lich-sworn {rElec rC- Regen+
                  | MP+9 Slay+2}
 14844 | D:3      | Acquired the +1 hat "Tase" {Drain rN+ Dex+3}
 15582 | Lair:2   | Noticed an eight-headed hydra
 15591 | Lair:2   | Killed a 14-headed hydra
 15592 | Lair:2   | Reached XP level 12. HP: 72/112 MP: 11/11
 15687 | Lair:2   | Noticed a four-headed hydra
 15940 | Lair:2   | Noticed a death yak
 15940 | Lair:2   | Noticed a death yak
 15940 | Lair:2   | Noticed a death yak
 15948 | Lair:2   | Killed a death yak
 16076 | Lair:2   | Killed a death yak
 16080 | Lair:2   | Killed a death yak
 16522 | Lair:2   | Killed a six-headed hydra
 17053 | Lair:3   | Noticed an eight-headed hydra
 17070 | Lair:3   | Killed an 18-headed hydra
 17259 | Lair:3   | Noticed Nessos
 17297 | Lair:3   | Reached XP level 13. HP: 18/123 MP: 12/12
 17410 | Lair:3   | Gained mutation: Your body sometimes deteriorates upon
                  | taking damage. [potion of mutation]
 17410 | Lair:3   | Gained mutation: You have a pair of large horns on your
                  | head. [potion of mutation]
 17410 | Lair:3   | Gained mutation: You have supernaturally acute eyesight.
                  | (SInv) [potion of mutation]
 17505 | Lair:3   | Found a staircase to the Snake Pit.
 17529 | Lair:3   | HP: 5/103 [Nessos/arrow (1)]
 17530 | Lair:3   | Killed Nessos
 17530 | Lair:3   | HP: 1/103 [poisoned by Nessos]
 17712 | Lair:3   | Found a staircase to the Shoals.
 18054 | Lair:3   | Lost mutation: You have supernaturally acute eyesight.
                  | (SInv) [potion of mutation]
 18054 | Lair:3   | Lost mutation: You have a pair of large horns on your head.
                  | [potion of mutation]
 18054 | Lair:3   | Gained mutation: Your movements are slightly less
                  | encumbered by armour. (ER -2) [potion of mutation]
 18054 | Lair:3   | Gained mutation: You passively map a small area around you.
                  | [potion of mutation]
 18054 | Lair:3   | Gained mutation: You are covered in fur. (AC +1) [potion of
                  | mutation]
 18220 | Lair:4   | Found a runed translucent door.
 18221 | Lair:4   | Noticed Flugkiller's ghost (journeyman MiFi)
 19247 | Lair:5   | Entered Level 5 of the Lair of Beasts
 19306 | Lair:5   | Reached skill level 15 in Armour
 19307 | Lair:5   | Reached skill level 15 in Fighting
 19600 | D:9      | Bought a +0 cloak for 67 gold pieces
 19886 | Lair:5   | Reached XP level 14. HP: 111/135 MP: 13/13
 20667 | Lair:5   | Found a viscous altar of Jiyva.
 21171 | Lair:5   | Found a staircase to the Slime Pits.
 21349 | D:12     | Noticed Frances
 21364 | D:12     | Killed Frances
 21755 | D:12     | Found a staircase to the Orcish Mines.
 21780 | D:12     | Noticed Maurice
 21791 | D:12     | Killed Maurice
 22394 | D:13     | Noticed a sphinx
 22447 | D:13     | Killed a sphinx
 23196 | D:13     | Reached XP level 15. HP: 108/149 MP: 14/14
 23499 | D:13     | Identified the +4 dagger of Icsodafe {freeze, Drain rPois
                  | rN+++ Dex+2}
 23592 | D:14     | Noticed Louise
 23608 | D:14     | Killed Louise
 23609 | D:14     | Reached skill level 5 in Shields
 24829 | D:14     | Found a gate to the Vaults.
 24873 | D:15     | Entered Level 15 of the Dungeon
 24904 | D:15     | Reached skill level 10 in Shields
 25246 | D:15     | Found a staircase to the Depths.
 25967 | Orc:1    | Entered Level 1 of the Orcish Mines
 26235 | Orc:1    | Found Plog's Distillery.
 26421 | Orc:1    | Noticed an orc warlord
 26456 | Orc:1    | Killed an orc warlord
 26721 | Orc:2    | Entered Level 2 of the Orcish Mines
 26849 | Orc:2    | Reached XP level 16. HP: 120/157 MP: 15/15
 27295 | Orc:2    | Found Wikeygge's Magic Scroll Boutique.
 27299 | Orc:2    | Found Laahor's General Store.
 27550 | Orc:2    | Bought a scroll of enchant armour for 120 gold pieces
 27550 | Orc:2    | Bought a scroll of enchant weapon for 120 gold pieces
 27670 | Orc:2    | Found a staircase to the Elven Halls.
 27939 | Orc:2    | Paralysed by an orc sorcerer for 3 turns
 27956 | Orc:2    | Reached skill level 15 in Shields
 27959 | Orc:2    | Reached skill level 1 in Dodging
 28181 | Orc:2    | Found Wulawn's Antique Armour Shoppe.
 28181 | Orc:2    | Found Gesur's Book Emporium.
 28182 | Orc:2    | Found a one-way gate leading to the halls of Pandemonium.
 28188 | Orc:2    | Bought a pair of runed gloves for 262 gold pieces
 28347 | Orc:2    | Bought a fine plate armour for 896 gold pieces
 28347 | Orc:2    | Identified the +0 plate armour of Gykhliock {rC+++ Str-3
                  | Int+5 Dex-2} (You bought it in a shop on level 2 of the
                  | Orcish Mines)
 28347 | Orc:2    | Bought a spiked plate armour for 896 gold pieces
 28347 | Orc:2    | Identified the +10 plate armour of the Snake Pit {rC+ Int-2
                  | SInv} (You bought it in a shop on level 2 of the Orcish
                  | Mines)
 28542 | Snake:1  | Entered Level 1 of the Snake Pit
 28635 | Snake:1  | Reached skill level 5 in Dodging
 29533 | Snake:1  | Found a runed translucent gate.
 29533 | Snake:1  | Found a runed translucent gate.
 29534 | Snake:1  | Found a runed translucent gate.
 29534 | Snake:1  | Noticed Charly's ghost (adept SpEn)
 30158 | Snake:1  | Reached skill level 10 in Dodging
 31214 | Snake:2  | Reached XP level 17. HP: 165/165 MP: 16/16
 32063 | Snake:3  | Identified the +0 ring mail "Liex" {rElec Str+3}
 32099 | Snake:3  | Found Fuarr's Jewellery Shoppe.
 32102 | Snake:3  | Found Syugeats's Distillery.
 32104 | Snake:3  | Found Xyegid's Antique Weapon Shoppe.
 32132 | Snake:3  | Found Ipoe's Magic Scroll Shop.
 32160 | Snake:3  | Bought 3 scrolls of enchant weapon for 337 gold pieces
 32160 | Snake:3  | Bought a scroll of enchant weapon for 112 gold pieces
 32440 | Snake:4  | Entered Level 4 of the Snake Pit
 32447 | Snake:4  | Noticed Vashnia
 32938 | Snake:4  | Killed Vashnia
 34554 | Snake:4  | Got a serpentine rune of Zot
 34854 | Snake:4  | Reached XP level 18. HP: 143/176 MP: 17/17
 35094 | Shoals:1 | Entered Level 1 of the Shoals
 35146 | Shoals:2 | Found Eroare's General Store.
 35156 | Shoals:2 | Bought a scroll of blinking for 90 gold pieces
 35175 | Shoals:2 | Bought the +0 kite shield of Teshrur {rF++ Slay+2} for 448
                  | gold pieces
 35406 | Shoals:2 | Found Kolon's Firing Range.
 35486 | Shoals:4 | Entered Level 4 of the Shoals
 35486 | Shoals:4 | Found a blossoming altar of Fedhas.
 35520 | Shoals:4 | Paralysed by an air elemental for 1 turns
 35588 | Shoals:4 | Got a barnacled rune of Zot
 35836 | Vaults:1 | Entered Level 1 of the Vaults
 36435 | Vaults:2 | Noticed Bai Suzhen
 36435 | Vaults:2 | Noticed Mennas
 36452 | Vaults:1 | Killed Bai Suzhen
 36495 | Vaults:2 | Killed Mennas
 36616 | Vaults:2 | Reached skill level 10 in Evocations
 37214 | Vaults:3 | Reached XP level 19. HP: 146/184 MP: 18/18
 37229 | Vaults:3 | Paralysed by a great orb of eyes for 4 turns
 37578 | Vaults:4 | Noticed Zenata
 37603 | Vaults:4 | Killed Zenata
 37604 | Vaults:4 | Reached skill level 15 in Dodging
 37927 | Vaults:4 | Noticed Margery
 37945 | Vaults:4 | Killed Margery
 39267 | Vaults:5 | Entered Level 5 of the Vaults
 39280 | Vaults:5 | Noticed a dread lich
 39292 | Vaults:5 | Killed a dread lich
 39313 | Vaults:5 | Noticed a golden dragon
 39329 | Vaults:5 | Killed a golden dragon
 39336 | Vaults:5 | Identified the ring of Nouzyagh {+Blink rF+ rC+ Str+2}
 39399 | Vaults:5 | Noticed an ancient lich
 39413 | Vaults:5 | Killed an ancient lich
 39680 | Vaults:5 | Reached XP level 20. HP: 195/195 MP: 19/19
 39818 | Vaults:5 | Noticed a golden dragon
 39825 | Vaults:5 | Killed a golden dragon
 39865 | Vaults:5 | Identified the +2 war axe of Dissent {drain, rElec rF-
                  | Int+6 Dex+3}
 40140 | Vaults:5 | Identified the +3 morningstar of the Wary Prophets {flame,
                  | rF++}
 40146 | Vaults:5 | Identified the +7 short sword "Xafias" {venom, rC+ Will+
                  | Int+4}
 40203 | Vaults:5 | Identified the +0 cloak of Gaatwitu {Int+5}
 40514 | Vaults:5 | Found the +7 lajatang of Order {silver, rMut}
 40526 | Vaults:5 | Noticed a golden dragon
 40527 | Vaults:5 | Identified the ring of Ymnirost {rN+ Int+6 Dex+2 SInv}
 40549 | Vaults:5 | Killed a golden dragon
 40701 | Vaults:5 | Got a silver rune of Zot
 41960 | Depths:1 | Entered Level 1 of the Depths
 41968 | Depths:1 | Noticed a juggernaut
 41987 | Depths:1 | Killed a juggernaut
 41988 | Depths:1 | Reached XP level 21. HP: 173/206 MP: 20/20
 42207 | Depths:1 | Found a gateway to Hell.
 42244 | Depths:3 | Found a one-way gate to the infinite horrors of the Abyss.
 42282 | Depths:4 | Entered Level 4 of the Depths
 42283 | Depths:4 | Found a one-way gateway to a ziggurat.
 42324 | Depths:4 | Noticed a golden dragon
 42336 | Depths:4 | Noticed a golden dragon
 42350 | Depths:4 | Noticed a juggernaut
 42351 | Depths:4 | Killed a golden dragon
 42366 | Depths:3 | Killed a golden dragon
 42511 | Depths:3 | Found a blossoming altar of Fedhas.
 42649 | Depths:4 | Killed a juggernaut
 42982 | Depths:4 | Found a gate to the Realm of Zot.
 43002 | Zot:1    | Entered Level 1 of the Realm of Zot
 43408 | Zot:1    | Noticed a golden dragon
 43429 | Zot:1    | Killed a golden dragon
 43711 | Zot:5    | Entered Level 5 of the Realm of Zot
 43747 | Zot:5    | Reached XP level 22. HP: 161/217 MP: 21/21
 43954 | Zot:5    | Noticed an orb of fire
 43967 | Zot:5    | Gained mutation: Your magical capacity is low. (-10% MP)
                  | [an orb of fire]
 43972 | Zot:5    | Noticed an orb of fire
 43972 | Zot:5    | Killed an orb of fire
 43981 | Zot:5    | Gained mutation: You occasionally shout uncontrollably at
                  | your foes. [an orb of fire]
 43985 | Zot:5    | Noticed an ancient lich
 43986 | Zot:5    | Killed an orb of fire
 44156 | Zot:5    | Killed an ancient lich
 44288 | Zot:5    | Noticed an orb of fire
 44291 | Zot:5    | Gained mutation: You have hidden genetic defects. [an orb
                  | of fire]
 44304 | Zot:5    | Noticed an orb of fire
 44310 | Zot:5    | Gained mutation: You are weak. (Str -2) [an orb of fire]
 44311 | Zot:5    | Killed an orb of fire
 44311 | Zot:5    | Gained mutation: Your body often deteriorates upon taking
                  | damage. [an orb of fire]
 44327 | Zot:5    | Killed an orb of fire
 44349 | Zot:5    | Noticed a dread lich
 44603 | Zot:5    | Killed a dread lich
 44615 | Zot:5    | Noticed a Killer Klown
 44639 | Zot:5    | Noticed an orb of fire
 44639 | Zot:5    | Noticed a Killer Klown
 44642 | Zot:5    | Noticed an orb of fire
 44643 | Zot:5    | Noticed an orb of fire
 44643 | Zot:5    | Noticed an orb of fire
 44649 | Zot:5    | Noticed an orb of fire
 44651 | Zot:5    | Noticed a Killer Klown
 44652 | Zot:5    | Noticed a Killer Klown
 44653 | Zot:5    | Noticed a Killer Klown
 44682 | Zot:5    | Killed a Killer Klown
 44696 | Zot:5    | Gained mutation: You are occasionally teleported next to
                  | monsters. [hidden defects]
 44705 | Zot:5    | Got the Orb of Zot
 44753 | Zot:5    | Killed a Killer Klown
 44781 | Zot:5    | Noticed Voed the pandemonium lord
 44816 | Zot:5    | HP: 4/216 [Voed the pandemonium lord (14)]
 44820 | Zot:5    | Mangled by Voed the pandemonium lord

Illustrated notes

Levels and vault maps discovered:
D:1:      amcnicky_arrival_wind_blow, layout_basic,
          hellmonk_ecumenical_altar_pennies_from_heaven, palyth_stone_intersect,
          st_stairs_7
D:2:      layout_basic, basic_altar, serial_shops, shop, minmay_hexomino_c4
D:3:      layout_rooms, serial_shops, shop_statue, grunt_ministairs_2,
          minmay_pentangle, uniq_jessica
D:4:      layout_rooms, lemuel_doored_altar, chequers_serial_rivers_room_b,
          uniq_natasha
D:5:      layout_basic, nicolae_ossuary_entry_catacombs, uniq_edmund,
          uniq_prince_ribbit1
D:6:      layout_basic, nicolae_elyvilon_temple_path, lemuel_temple_firewalk_b,
          uniq_sigmund
D:7:      layout_cave_pools, mainiacjoe_overflow_cross_hatched,
          dancing_weapons_uskayaw, grunt_ministairs_15, uniq_pikel
D:8:      layout_gridville, okawaru_humans
D:9:      layout_stronghold, serial_shops, nicolae_shop_stone, kennysheep_mini,
          nicolae_shop_trees
D:10:     layout_roguey, uniq_grum, uniq_fannar, uniq_lodul
D:11:     nzn_winding_woodlands_cross [nzn_winding_woodlands_5x15_longhouse,
          nzn_winding_woodlands_5x15_lazy_stream,
          nzn_winding_woodlands_5x15_default, nzn_winding_woodlands_5x15_jagged,
          nzn_winding_woodlands_15x15_boxy_spiral], layout_grid_maze,
          tso_metal_star
D:12:     layout_layer_cave, david_orc_1_choice, uniq_frances, uniq_maurice
D:13:     kennysheep_windowed_halls, layout_loops_cross, kennysheep_four_rooms
D:14:     layout_loops_corners, ximxim_vaults_locker_room,
          minmay_misc_feat_roman, einodemon_crawler_minivault, uniq_louise
D:15:     hangedman_depths_entry_civil_slaughter, layout_irregular_city,
          roderic_roman_lattice
Temple:   minmay_crystal_spiral_temple
Lair:1:   layout_gridlike, grunt_megastairs_5, serial_bayou_shore_b,
          lemuel_fruit_tree, serial_bayou_shore_a, serial_bayou_shore_b
Lair:2:   layout_long_grid
Lair:3:   layout_misc_corridors, minmay_shoals_entry_beasts,
          minmay_snake_entry_six_corridors, pond, uniq_nessos
Lair:4:   layout_cave_pods, gammafunk_ghost_grave, nicolae_lair_lil_pond
Lair:5:   minmay_lair_end_enchanted_forest, layout_cave_pods,
          minmay_slime_entry_oklob_open, grunt_megastairs_4,
          infiniplex_staircase_pool
Shoals:1: nicolae_shoals_mermall, layout_shoals, hangedman_shoals_cup_caves
Shoals:2: layout_shoals, gammafunk_ghost_grave, serial_shops, shop,
          nicolae_shop_firing_range
Shoals:3: layout_shoals, nicolae_shoals_water_booths
Shoals:4: shoals_end_hellmonk_storm_palace [storm_palace_center_ruins,
          storm_palace_corner_altar, storm_palace_corner_narrow,
          storm_palace_corner_altar, storm_palace_corner_altar]
Snake:1:  kennysheep_snake, layout_chambers, ebering_ghost_rock_garden
Snake:2:  layout_misc_corridors
Snake:3:  layout_rooms, serial_shops, nicolae_shop_waterfront, minmay_shop_star
Snake:4:  snake_pit, layout_basic, uniq_vashnia
Orc:1:    cheibrodos_orc_arena, layout_diamond_mine, serial_shops,
          nicolae_shop_crystal
Orc:2:    pf_orc_diabolical, layout_diamond_mine, nicolae_orc_tapped_out
Vaults:1: v_misc_16, ontoclasm_vaults_decontamination, nicolae_vaults_asterisk,
          ontoclasm_vaults_eye, vaults_mumra_lcd, hangedman_vaults_trim,
          grunt_vaults_bifocal, v_misc_9, ontoclasm_vaults_loading_screen,
          nicolae_vaults_network_quinsquares
          [nicolae_vaults_network_quincunx_subvault,
          nicolae_vaults_network_quincunx_subvault,
          nicolae_vaults_network_quincunx_subvault,
          nicolae_vaults_network_quincunx_subvault], not_door_vault_mu,
          ontoclasm_vaults_misaligned, layout_vaults_big_cross
Vaults:2: nicolae_vaults_statue_guard, nicolae_vaults_network_s,
          minmay_crypt_entry_simple_round, grunt_vaults_focal, v_misc_3,
          hangedman_vaults_pinch, vaults_room_pools, hangedman_vaults_snaps,
          grunt_vaults_hallway_long, vaults_dpeg_diagonal, v_misc_15,
          layout_vaults_ring, uniq_bai_suzhen, uniq_mennas
Vaults:3: v_misc_22, vaults_room_semicircle, v_misc_11, v_alt_pattern_6, st_eye,
          v_misc_28, vaults_room_fours, nicolae_vaults_little_squares_5,
          nicolae_vaults_rhombus_6, layout_vaults_omnibox
Vaults:4: vaults_room_pool, nicolae_vaults_meeting,
          nicolae_vaults_network_periphery, ontoclasm_vaults_claustrophobia,
          v_pattern_4, nicolae_vaults_mini_display_case, layout_vaults_omnigrid,
          uniq_margery, uniq_zenata
Vaults:5
Depths:1: layout_cave_shapes, hell_entry, hangedman_decor_peaks_small,
          mu_enter_wizlab_7, serial_shops, kennysheep_mini_moat,
          ebering_ghost_reflecting_pool, statue_in_the_mist_lemuel,
          grunt_ministairs_15, lemuel_flamethrower_3, minmay_shoptagon
Depths:2: cheibrodos_hall_of_evolution, layout_honeycomb,
          rand_demon_pan_entry_1, pf_hell_entry_tar_river,
          infiniplex_staircase_pool_2, serial_bayou_shore_b
Depths:3: minmay_the_grid_triangle_9x9_recursive_2_mashed
          [minmay_the_grid_triangle_9x9_prize_top_heavy,
          minmay_the_grid_triangle_9x9_limited_checkers,
          minmay_the_grid_triangle_9x9_flanged_cone,
          minmay_the_grid_triangle_9x9_tough_junction], layout_twisted_cross,
          minmay_tree_intersection, abyss_entry, hangedman_geh_valley,
          fedhas_altar_2, uniq_parghit
Depths:4: evilmike_zot_entry_basic, layout_cave_pools, enter_ziggurat_c,
          lightli_too_deep, rand_demon_pan_entry_9, abyss_entry
Zot:1:    layout_gridlike
Zot:2:    layout_onion_interference, grunt_megastairs_3, uniq_tiamat
Zot:3:    layout_onion_interference
Zot:4:    layout_misc_corridors, st_stairs_4
Zot:5:    layout_misc_corridors

Skill      XL: |  1  2  3  4  5  6  7  8  9 10 11 12 13 14 15 16 17 18 19 20 21 22 |
---------------+-------------------------------------------------------------------+-----
Axes           | 3 4 5 6 8 10 12 14 15 16 18 20 21 | 21.9
Fighting       | 4 5 6 8 9 10 12 13 15 18 19 20 21 22 23 | 23.3
Armour         | 4 5 6 8 9 10 12 13 15 18 19 20 21 22 23 | 23.4
Evocations     | 2 6 8 10 12 | 12.0
Shields        | 13 15 16 17 19 20 21 | 21.1
Dodging        | 11 13 14 15 17 18 19 | 19.0

Action                   |  1- 3 |  4- 6 |  7- 9 | 10-12 | 13-15 | 16-18 | 19-21 | 22-24 || total
-------------------------+-------+-------+-------+-------+-------+-------+-------+-------++-------
Melee: War axe           |    87 |   111 |   238 |   479 |   945 |  1421 |  1295 |   212 ||  4788
       Headbutt          |    12 |    17 |    46 |   123 |   266 |   416 |   423 |    61 ||  1364
Invok: Call Merchant     |       |       |       |     2 |       |     4 |       |       ||     6
       Potion Petition   |       |       |       |     1 |       |     2 |     1 |     2 ||     6
       Bribe Branch      |       |       |       |       |       |       |       |     2 ||     2
Evoke: Wand              |       |       |     1 |    12 |     5 |     5 |       |       ||    23
       Tin of tremorston |       |       |       |       |     2 |       |     1 |       ||     3
  Use: Potion            |     2 |       |     4 |     3 |     5 |    10 |     3 |     9 ||    36
       Scroll            |       |       |    10 |     9 |    10 |    16 |     8 |     6 ||    59
 Stab: Invisible         |       |       |     2 |     3 |     2 |     1 |       |       ||     8
       Distracted        |       |       |     2 |     3 |    13 |    18 |    12 |     8 ||    56
       Paralysed         |       |       |       |     2 |       |       |       |       ||     2
       Confused          |       |       |       |     1 |       |       |     4 |       ||     5
Armor: Scale mail        |    53 |    51 |   112 |   162 |       |       |       |       ||   378
       Plate armour      |       |       |       |    82 |   584 |   649 |   602 |   117 ||  2034
       Skin              |       |       |       |       |       |     2 |       |       ||     2
Dodge: Dodged            |    45 |    47 |    92 |   162 |   261 |   523 |   629 |   106 ||  1865
Block: Buckler           |    22 |    33 |    52 |   154 |   111 |       |       |       ||   372
       Reflection        |       |       |       |     3 |       |       |       |       ||     3
       Kite shield       |       |       |       |       |   177 |   941 |   804 |   139 ||  2061

Table legend: (Time is in decaauts)
 A = Elapsed time spent in this place.
 B = Non-inter-level travel time spent in this place.
 C = Inter-level travel time spent in this place.
 D = Time resting spent in this place.
 E = Time spent auto-exploring this place.
 F = Levels seen in this place.
 G = Mean time per level.
                   A        B        C        D        E       F      G
               +--------+--------+--------+--------+--------+-----+--------+
         Total |  44089 |  40692 |   3397 |   5252 |  26801 |  45 |  979.8 |
       Dungeon |  19575 |  17934 |   1641 |   2755 |  12509 |  15 | 1305.0 |
        Temple |    213 |    129 |     84 |      0 |    112 |   1 |  213.0 |
          Lair |   6561 |   5995 |    566 |    665 |   4386 |   5 | 1312.2 |
        Shoals |    592 |    507 |     85 |     84 |    203 |   4 |  148.0 |
     Snake Pit |   6309 |   5991 |    318 |    611 |   3913 |   4 | 1577.2 |
  Orcish Mines |   2371 |   2275 |     96 |    188 |   1544 |   2 | 1185.5 |
        Vaults |   5797 |   5252 |    545 |    404 |   3223 |   5 | 1159.4 |
        Depths |    988 |    970 |     18 |     10 |    597 |   4 |  247.0 |
           Zot |   1679 |   1639 |     40 |    534 |    313 |   5 |  335.8 |
               +--------+--------+--------+--------+--------+-----+--------+

Top non-repeatable levels by time:
    D:11: 2403 daAuts
 Snake:1: 2329 daAuts
Vaults:5: 2043 daAuts
 Snake:4: 1985 daAuts
Vaults:4: 1955 daAuts
     D:8: 1732 daAuts
     D:9: 1675 daAuts
   Orc:2: 1549 daAuts
     D:6: 1405 daAuts
  Lair:1: 1394 daAuts
    D:14: 1387 daAuts
  Lair:5: 1373 daAuts
    D:13: 1347 daAuts
  Lair:4: 1346 daAuts
  Lair:3: 1338 daAuts
